 Dungeon Crawl Stone Soup version 0.32-a0-872-g59262bdc9b (webtiles) character file.

Game seed: 13586346962720457268

1761921 Jannitor the Impregnable (level 27, 221/244 HPs)
             Began as a Barachi Hexslinger on Mar 22, 2024.
             Was a High Priest of Beogh.
             Escaped with the Orb
             ... and 3 runes on Mar 30, 2024!
             The game lasted 03:02:45 (63766 turns).

Jannitor the Impregnable (Barachi Hexslinger)      Turns: 63766, Time: 03:02:45

Health: 221/244    AC: 39    Str: 22    XL:     27
Magic:  12/12      EV: 23    Int: 16    God:    Beogh [*****.]
Gold:   5974       SH: 19    Dex: 16    Spells: 29/29 levels left

rFire   + + .        S - +9 demon trident (antimagic)
rCold   + + .        D - +5 kite shield {rF+}
rNeg    + + .        C - +5 pearl dragon scales
rPois   +            x - +2 hat of the Stallion {rC+ Will+ SInv}
rElec   +            T - scarf of Sloth {repulsion, ^Drain rN+ Will+}
rCorr   +            s - +0 pair of gloves of the gadgeteer {Gadgeteer Wandboost ^Fragile}
SInv    +            K - +2 pair of boots {rampage}
Will    ++++.        p - amulet "Raet" {Acrobat rElec Dex+2 Slay+5} Stlth
                     u - ring "Qaoppeho" {rF+ rC+ rCorr EV+5}
HPRegen 0.60/turn    B - ring "Yfaustru" {rElec AC+4 SInv}
MPRegen 0.13/turn

%: repel missiles, acrobat, rampage
@: studying Maces & Flails, slow
A: walk on water, amphibious, slowness 1, strong legs 2, +LOS, mutation
resistance 1, poison resistance, wild magic 1
0: Orb of Zot
}: 3/15 runes: barnacled, silver, gossamer
a: Hop, Renounce Religion, Smiting, Recall Apostles, Blood for Blood, Dismiss
Arkwar, warrior, Dismiss Bogdar, wizard, Dismiss Hawl, priest


You escaped.
You worshipped Beogh.
Beogh was extremely pleased with you.
You visited 11 branches of the dungeon, and saw 51 of its levels.
You also visited: Trove, Ossuary, Bailey and Gauntlet.

You collected 11474 gold pieces.
You spent 5500 gold pieces at shops.

Inventory:

Hand Weapons
 S - a +9 antimagic demon trident (weapon)
Armour
 s - the +0 pair of gloves of the gadgeteer (worn) {Gadgeteer Wandboost ^Fragile}
   (You found it on level 4 of the Shoals)

   Gadgeteer: Your evocable items recharge 30% faster and wands have a 30%
   chance to not spend a charge.
   Wandboost: Your wands are more powerful.
   ^Fragile:  It will be destroyed if unequipped.
 x - the +2 hat of the Stallion (worn) {rC+ Will+ SInv}
   (You found it in a Gauntlet)

   rC+:       It protects you from cold.
   Will+:     It increases your willpower.
   SInv:      It lets you see invisible.
 C - +5 pearl dragon scales (worn)
 D - a +5 kite shield of fire resistance (worn)
 K - a +2 pair of boots of rampaging (worn)
 T - the scarf of Sloth (worn) {repulsion, ^Drain rN+ Will+}
   (You found it on level 4 of the Spider Nest)

   rN+:       It protects you from negative energy.
   Will+:     It increases your willpower.
   ^Drain:    It drains your maximum health when unequipped.
 W - the +0 storm dragon scales of the Shining Light {*Slow +Blink rElec Regen+ Str+4}
   (You bought it in a shop on level 1 of the Orcish Mines)

   Str+4:     It affects your strength (+4).
   rElec:     It insulates you from electricity.
   +Blink:    It lets you blink.
   Regen+:    It increases your rate of health regeneration.
   *Slow:     It may slow you when you take damage.
Jewellery
 p - the amulet "Raet" (around neck) {Acrobat rElec Dex+2 Slay+5}
   (You found it in a treasure trove)

   [amulet of the acrobat]

   Acrobat:   It increases your evasion while moving and waiting.
   Dex+2:     It affects your dexterity (+2).
   Slay+5:    It affects your accuracy & damage with ranged weapons and melee
   (+5).
   rElec:     It insulates you from electricity.
 u - the ring "Qaoppeho" (left hand) {rF+ rC+ rCorr EV+5}
   (You took it off a deep elf annihilator on level 3 of the Elven Halls)

   [ring of evasion]

   EV+5:      It affects your evasion (+5).
   rF+:       It protects you from fire.
   rC+:       It protects you from cold.
   rCorr:     It protects you from acid and corrosion.
 y - the ring "Titsuyf" {*Corrode rElec rN++ EV+5 Int+3}
   (You took it off a vampire knight on level 3 of the Crypt)

   [ring of evasion]

   EV+5:      It affects your evasion (+5).
   Int+3:     It affects your intelligence (+3).
   rElec:     It insulates you from electricity.
   rN++:      It greatly protects you from negative energy.
   *Corrode:  It may corrode you when you take damage.
 B - the ring "Yfaustru" (right hand) {rElec AC+4 SInv}
   (You acquired it on level 4 of the Vaults)

   [ring of protection]

   AC+4:      It affects your AC (+4).
   rElec:     It insulates you from electricity.
   SInv:      It lets you see invisible.
 M - a ring of poison resistance
Wands
 m - a wand of flame (110)
 n - a wand of charming (64)
 G - a wand of digging (10)
 L - a wand of iceblast (24)
 O - a wand of acid (16)
 V - a wand of mindburst (38)
Scrolls
 b - 11 scrolls of poison
 e - 7 scrolls of immolation
 g - 3 scrolls of silence
 h - 10 scrolls of fog
 k - 11 scrolls of teleportation
 o - 41 scrolls of identify
 q - 5 scrolls of torment
 v - 4 scrolls of summoning
 w - 13 scrolls of vulnerability
 H - 11 scrolls of fear
 N - 6 scrolls of revelation
 Z - 6 scrolls of blinking
Potions
 c - 10 potions of brilliance
 f - 14 potions of curing
 j - 6 potions of might
 l - 5 potions of haste
 r - 9 potions of attraction
 t - 10 potions of enlightenment
 z - 12 potions of lignification
 E - 5 potions of heal wounds
 I - 7 potions of ambrosia
 J - 9 potions of resistance
 Q - 10 potions of invisibility
 R - 2 potions of berserk rage
 U - 4 potions of cancellation
 X - 4 potions of mutation
Miscellaneous
 a - a phial of floods
 d - a tin of tremorstones (2/2)
 i - a lightning rod (4/4)
 A - a phantom mirror
 P - a sack of spiders
 Y - a Gell's gravitambourine (2/2)


   Skills:
 + Level 25.7 Fighting
 - Level 3.3 Maces & Flails
 - Level 20.0 Polearms
 - Level 2.0 Ranged Weapons
 + Level 25.7 Armour
 + Level 17.8 Dodging
 + Level 15.5 Shields
 - Level 1.6 Spellcasting
 - Level 3.6 Hexes
 - Level 1.7 Fire Magic
 + Level 19.2 Invocations
 + Level 23.0 Evocations


You had 29 spell levels left.
You didn't know any spells.
Your spell library contained the following spells:

 Spells                   Type           Power      Damage    Failure   Level
 Jinxbite                 Hex            32%        N/A       26%         2
 Foxfire                  Conj/Fire      20%        2x1d5     45%         1
 Ensorcelled Hibernation  Hex/Ice        18%        N/A       45%         2
 Confusing Touch          Hex            16%        N/A       45%         3
 Sigil of Binding         Hex            16%        N/A       45%         3
 Tukima's Dance           Hex            16%        N/A       45%         3
 Inner Flame              Hex/Fire       12%        N/A       56%         3
 Apportation              Tloc           2%         N/A       58%         1
 Kiss of Death            Conj/Necr      4%         2d5       58%         1
 Magic Dart               Conj           4%         1d3       58%         1
 Shock                    Conj/Air       4%         1d3       58%         1
 Summon Small Mammal      Summ           4%         N/A       58%         1
 Dazzling Flash           Conj/Hex       18%        N/A       69%         3
 Blink                    Tloc           2%         N/A       71%         2
 Call Imp                 Summ           2%         N/A       71%         2
 Cigotuvi's Dreadful Rot  Necr/Alch/Air  2%         N/A       71%         2
 Lesser Beckoning         Tloc           2%         N/A       71%         2
 Mercury Vapours          Alch/Air       2%         N/A       71%         2
 Searing Ray              Conj           2%         2d4       71%         2
 Static Discharge         Conj/Air       2%         3-4/arc   71%         2
 Sublimation of Blood     Necr           1%         N/A       71%         2
 Cause Fear               Hex            8%         N/A       83%         4
 Call Canine Familiar     Summ           1%         N/A       90%         3
 Frozen Ramparts          Ice            2%         1d1       90%         3
 Fugue of the Fallen      Necr           1%         N/A       90%         3
 Mephitic Cloud           Conj/Alch/Air  1%         N/A       90%         3
 Ozocubu's Armour         Ice            1%         N/A       90%         3
 Stone Arrow              Conj/Erth      2%         3d7       90%         3
 Summon Ice Beast         Ice/Summ       1%         N/A       90%         3
 Swiftness                Air            1%         N/A       90%         3
 Teleport Other           Tloc           1%         N/A       90%         3
 Anguish                  Hex/Necr       4%         N/A       97%         4
 Dimensional Bullseye     Hex/Tloc       4%         N/A       97%         4
 Flame Wave               Conj/Fire      5%         2d5       99%         4
 Sticky Flame             Fire/Alch      5%         2d4       99%         4
 Summon Blazeheart Golem  Fire/Summ      5%         N/A       99%         4
 Airstrike                Air            0%         2d(1-17)  100%        4
 Animate Armour           Summ/Erth      2%         N/A       100%        4
 Animate Dead             Necr           1%         N/A       100%        4
 Dispel Undead            Necr           1%         3d6       100%        4
 Fulminant Prism          Conj/Alch      0%         3d5       100%        4
 Iskenderun's Mystic Bla Conj/Tloc 1%             2d3        (+2d1     100%        4
 Leda's Liquefaction      Alch/Erth      0%         N/A       100%        4
 Martyr's Knell           Necr/Summ      1%         N/A       100%        4
 Maxwell's Portable Pile  Tloc           1%         2d(5-10)  100%        4
 Passage of Golubria      Tloc           1%         N/A       100%        4
 Petrify                  Alch/Erth      1%         N/A       100%        4
 Summon Lightning Spire   Summ/Air       1%         N/A       100%        4
 Alistair's Intoxication  Alch           0%         N/A       100%        5
 Borgnjor's Vile Clutch   Necr/Erth      0%         N/A       100%        5
 Curse of Agony           Necr           1%         N/A       100%        5
 Fireball                 Conj/Fire      2%         3d4       100%        5
 Freezing Cloud           Conj/Ice/Air   0%         6-21      100%        5
 Irradiate                Conj/Alch      0%         3d11      100%        5
 Iskenderun's Battlesphe  Conj           1%         2d6       100%        5
 Lee's Rapid Deconstruct  Erth           0%         3d4*      100%        5
 Metabolic Englaciation   Hex/Ice        4%         N/A       100%        5
 Silence                  Hex/Air        4%         N/A       100%        5
 Yara's Violent Unravell  Hex/Alch       4%         3d4       100%        5
 Bombard                  Conj/Erth      0%         9d1       100%        6
 Death Channel            Necr           0%         N/A       100%        6
 Dispersal                Tloc           0%         N/A       100%        6
 Plasma Beam              Fire/Air       2%         2x1d12    100%        6
 Sculpt Simulacrum        Ice/Alch       0%         N/A       100%        6
 Starburst                Conj/Fire      2%         6d3       100%        6
 Enfeeble                 Hex            8%         N/A       100%        7
 Haunt                    Necr/Summ      0%         N/A       100%        7
 Manifold Assault         Tloc           0%         N/A       100%        7
 Spellforged Servitor     Conj/Summ      0%         N/A       100%        7
 Summon Hydra             Summ           0%         N/A       100%        7
 Borgnjor's Revivificati  Necr           0%         N/A       100%        8
 Infestation              Necr           0%         N/A       100%        8
 Lehudib's Crystal Spear  Conj/Erth      0%         10d2      100%        8
 Maxwell's Capacitive Co  Air            0%         ∞         100%        8
 Chain Lightning          Conj/Air       0%         2d1       100%        9
 Death's Door             Necr           0%         N/A       100%        9
 Dragon's Call            Summ           0%         N/A       100%        9
 Fire Storm               Conj/Fire      2%         8d1       100%        9
 Polar Vortex             Ice            0%         N/A       100%        9
 Shatter                  Erth           0%         3d5*      100%        9


Dungeon Overview and Level Annotations

Branches:
Dungeon (15/15)            Temple (1/1) D:5            Lair (5/5) D:8
 Shoals (4/4) Lair:2       Spider (4/4) Lair:2        Slime (0/5) Lair:5
    Orc (2/2) D:10            Elf (3/3) Orc:2        Vaults (5/5) D:14
  Crypt (3/3) Vaults:3       Tomb (0/3) Crypt:3      Depths (4/4) D:15
    Zot (5/5) Depths:4    Ossuary (visited)          Bailey (visited)
Gauntlet (visited)

Altars:
Ashenzari
Cheibriados
Dithmenos
Elyvilon
Fedhas
Gozag
Hepliaklqana
Kikubaaqudgha
Makhleb
Nemelex Xobeh
Okawaru
Qazlal
Ru
Sif Muna
Trog
Uskayaw
Vehumet
Wu Jian
Xom
Yredelemnul
Zin
The Shining One
Beogh
Jiyva
Lugonu

Shops:
D:5 *   D:10 =   D:11 (   D:14 !   Orc:1 [   Orc:2 [:!!   Elf:1 [[=   Elf:3 (=(
Shoals:1 *   Shoals:2 *   Vaults:1 [!   Vaults:2 :   Vaults:3 *   Depths:1 (?=

Portals:
Hell: Depths:1 Depths:2 Depths:3 Depths:4
Abyss: Depths:1 Depths:3
Pandemonium: Depths:2
Ziggurat: Depths:4

Annotations:
D:4 exclusion: moth of wrath
D:14 2 transporters
Lair:1 2 transporters, grizmgrazm2's ghost, journeyman GnSh
Lair:5 2 transporters, paps's ghost, journeyman DsGl
Shoals:4 2 runed translucent doors, fly's ghost, adept KoDe
Elf:2 3 runed translucent doors
Crypt:1 9 runed translucent doors
Depths:2 2 transporters
Zot:1 6 transporters


Innate Abilities, Weirdness & Mutations

You can walk on water.
Your facial features are unmistakably orcish.
You are amphibious.
You cover ground slowly.
You can hop long distances.
You have an extended range of vision and can be seen from far away.
You are somewhat resistant to further mutation.
Your system is resistant to poisons. (rPois)
Your spells are a little harder to cast, but a little more powerful.


Message History

The zombie hands constrict the Hell Sentinel!
The Hell Sentinel hits Arkwar but does no damage.
The Hell Sentinel hits Arkwar.
Hawl hits the Hell Sentinel with a +5 mace of venom!
Arkwar hits the Hell Sentinel with the +9 war axe "Aveen"!!
Bogdar completely misses the Hell Sentinel.
The zombie hands constrict the Hell Sentinel.
You reach to attack!
You hit the Hell Sentinel but do no damage.
The Hell Sentinel is heavily wounded.
The Hell Sentinel gestures at you.
The sphere of damnation explodes!
The damnation engulfs Arkwar!!!
The damnation engulfs you!!
The damnation engulfs the Hell Sentinel.
The Hell Sentinel completely resists.
The damnation engulfs Bogdar!!!
You reach to attack!
You impale the Hell Sentinel!!
The Hell Sentinel's magic leaks into the air.
The Hell Sentinel is severely wounded.
Your followers are invigorated by your prowess.
Bogdar hits the Hell Sentinel but does no damage.
The zombie hands constrict the Hell Sentinel.
Hawl hits the Hell Sentinel but does no damage.
Arkwar hits the Hell Sentinel with the +9 war axe "Aveen"!!
You could not reach far enough!
Bogdar hits the Hell Sentinel but does no damage.
The zombie hands constrict the Hell Sentinel!
The Hell Sentinel gestures at Bogdar.
The iron shot hits Bogdar!!!
Bogdar dies!
You swear to avenge Bogdar's death!
Hawl hits the Hell Sentinel with a +5 mace of venom.
You could not reach far enough!
Arkwar hits the Hell Sentinel with the +9 war axe "Aveen"!!!
The Hell Sentinel dies!
Beogh accepts your kill.
You feel as though your fallen companions have been avenged.
Unknown command.
There is a large open door here.
There is a staircase leading out of the dungeon here.
You have escaped!

#.# ##......###≈~..##..# #.#
##..#######≈≈~......##
####.#######..## ###~~.........
#..........#.#######⌠#~....~.....
#..#.#####...###~.'..#....~#..###
#..#.# #..###≈~.#..#..#~~#..###
#....# ###.####~~.####..##~......
#..### #...#~~#~...#....~#....###
#..#####.#.'.~#~@oo'.........## #
#..........'.~#~...'...†..#...# #
##.######..#~~#~...#......#~~.###
#.# #..####~~.####.#.#~~#....
##.# ##..###≈~.#..#...#~.#..##
...# ##..###~.'..#....#....##
##.# #..#######⌠#~.....##.## #.#
#...## ###~~.....#.# #.#
#.#..#######≈≈~....#.#


You could see the friendly Arkwar the orc apostle and the friendly Hawl the orc
apostle.

Vanquished Creatures
  3 dread liches
  4 ancient liches
  3 orbs of fire
  Xtahua (Crypt:3)
  Bai Suzhen (Vaults:4)
  2 curse toes
  3 Killer Klowns
  2 caustic shrikes (Depths:4)
  Jory (Vaults:4)
  2 golden dragons
  3 electric golems
  The ghost of Aclacsih the Earth Mage, an adept GrEE of Vehumet (Shoals:2)
  7 tentacled monstrosities
  10 Orb Guardians (Zot:5)
  8 liches
  Zenata (Vaults:2)
  2 deep elf master archers (Elf:3)
  2 deep elf blademasters (Elf:3)
  Asterion (Elf:1)
  5 quicksilver dragons
  2 titans
  4 sphinxes
  Polyphemus (Shoals:3)
  A walking frostbound tome (Depths:2)
  A searing wretch (Vaults:4)
  4 ancient champions
  Agnes (Elf:1)
  4 death cobs
  A kraken (Shoals:4)
  Ilsuiw (Shoals:3)
  A tengu reaver (Vaults:5)
  3 shadow dragons
  11 storm dragons
  The ghost of Yjimoseergh the Spry, an adept SpFE of Dithmenos (Vaults:4)
  3 protean progenitors
  3 fire giants
  6 emperor scorpions
  9 vault wardens
  3 frost giants
  The ghost of mojasp the Warrior, a journeyman CoBe of Trog (Orc:2)
  A draconian scorcher (Zot:1)
  3 draconian monks
  2 deep elf sorcerers (Elf:3)
  2 draconian shifters
  5 ghost moths
  2 angels (Depths:3)
  2 curse skulls
  2 deep elf elementalists (Elf:3)
  A spriggan defender (Depths:3)
  11 ironbound preservers
  A draconian annihilator (Zot:4)
  2 ghouls (Crypt:2)
  A broodmother (Spider:3)
  The ghost of beef the Severer, a journeyman HOFi of Hepliaklqana (Orc:2)
  9 stone giants
  2 orc warlords
  A draconian stormcaller (Zot:2)
  2 formless jellyfish (Vaults:1)
  A juggernaut skeleton (Crypt:2)
  6 ironbound thunderhulks
  7 very ugly things
  6 green draconians
  13 vampire knights
  The ghost of hattey the Fighter, a journeyman HuWn of Okawaru (Orc:2)
  A lorocyproca (Depths:1)
  3 deep elf demonologists (Elf:3)
  5 purple draconians
  A war gargoyle (Vaults:3)
  5 black draconians
  4 white draconians
  4 dire elephants
  2 pale draconians (Depths:4)
  A minotaur (Gauntlet)
  5 red draconians
  6 yellow draconians
  4 deep elf death magi
  4 deep elf annihilators
  2 spark wasps
  The ghost of ballabu the Cruncher, a journeyman OpSh of Gozag (Orc:2)
  A quicksilver dragon zombie (Crypt:3)
  2 eidola (Crypt:2)
  A green death (Depths:4)
  9 merfolk impalers
  6 ettins
  5 merfolk javelineers
  An elf zombie (Crypt:3)
  A blizzard demon (Depths:1)
  2 fire dragons (Depths:4)
  3 jiangshi
  3 great orbs of eyes
  9 yaktaur captains
  A spriggan zombie (Crypt:3)
  4 deep elf high priests
  3 ice dragons
  3 entropy weavers
  7 ogre magi
  2 merfolk avatars
  A peacekeeper (Vaults:2)
  23 vault guards
  2 hydras (Lair:3)
  3 catoblepae
  4 ironbound frosthearts
  4 centaur warriors (Vaults:1)
  A boulder beetle (Spider:4)
  4 two-headed ogres
  15 dancing weapons
  2 merfolk aquamancers (Shoals:4)
  2 anacondas (Zot:4)
  2 alligator snapping turtles
  3 deep troll earth magi
  A titan zombie (Crypt:3)
  3 deep troll shamans
  3 death knights (D:13)
  4 vampire magi
  A naga sharpshooter (D:15)
  5 demonic crawlers
  2 spriggan berserkers (Depths:4)
  7 death yaks
  9 hell knights
  2 spriggans (Depths:3)
  A storm dragon zombie (Depths:3)
  6 orc high priests
  3 occultists
  2 sun demons
  5 skysharks
  9 deep elf knights
  5 soul eaters
  2 fire crabs (D:15)
  A skyshark (shapeshifter) (Vaults:5)
  5 pharaoh ants
  6 iron trolls
  2 obsidian statues
  7 sixfirhies
  A deep troll (shapeshifter) (Vaults:5)
  27 skeletal warriors
  A cherub (Depths:3)
  29 deep trolls
  16 sea snakes
  A flayed ghost (Depths:3)
  A swamp dragon (Zot:3)
  A glowing orange brain (shapeshifter) (D:15)
  3 glowing orange brains
  A bunyip zombie (Crypt:3)
  5 orb spiders
  6 lindwurms
  A bunyip skeleton (Crypt:1)
  13 arcanists
  A bog body (Crypt:2)
  A sun moth (Spider:3)
  A steelbarb worm (Spider:3)
  2 deep elf archers (Elf:2)
  7 thermic dynamos
  Pikel (Temple)
  4 orc knights
  10 harpies
  8 deep elf zephyrmancers
  9 deep elf pyromancers
  A necromancer (Crypt:3)
  15 phantasmal warriors
  12 ironbound convokers
  23 ugly things
  3 cyclopes
  2 orc sorcerers
  10 manticores
  14 wolf spiders
  2 salamanders (D:15)
  14 fauns
  17 moths of wrath
  Maurice (D:9)
  2 spectral centaurs (D:11)
  3 meliai
  6 elephants
  5 centaur zombies (D:10)
  6 merfolk sirens
  4 torpor snails
  A water nymph (shapeshifter) (Vaults:5)
  5 rust devils
  3 black mambas
  8 cane toads
  5 water nymphs
  An eye of devastation (Gauntlet)
  4 gargoyles
  An orange demon (D:14)
  4 smoke demons
  11 vault sentinels
  3 efreet
  A sea snake zombie (Crypt:2)
  A centaur skeleton (D:10)
  An unseen horror (D:13)
  A grey draconian zombie (Crypt:3)
  A swamp worm zombie (Crypt:3)
  An unseen horror zombie (D:10)
  A hellion (Depths:1)
  A spark wasp simulacrum (Depths:3)
  2 rime drakes (D:15)
  6 komodo dragons
  Psyche (D:8)
  A steelbarb worm zombie (Crypt:2)
  A tengu conjurer (D:13)
  4 kobold demonologists
  24 yaktaurs
  2 bunyip simulacra
  2 tormentors (D:13)
  A shadow dragon simulacrum (Depths:3)
  3 freezing wraiths
  An ice devil (D:14)
  8 trolls
  A catoblepas skeleton (Crypt:1)
  A queen bee (shapeshifter) (D:14)
  2 polar bears
  4 wind drakes
  3 red devils
  25 merfolk
  Grinder (D:5)
  Prince Ribbit (D:5)
  3 hellwings (D:14)
  A raiju (D:15)
  21 blink frogs
  3 hornets
  14 tarantellas
  5 snapping turtles
  2 dream sheep (Shoals:2)
  A raiju (shapeshifter) (D:15)
  A blink frog (shapeshifter) (Elf:3)
  A glass eye (Gauntlet)
  3 air elementals
  23 jumping spiders
  Sigmund (D:5)
  12 slime creatures
  6 shadows
  9 water elementals
  Eustachio (D:4)
  8 culicivoras
  5 wraiths
  A vampire (D:10)
  A wind drake zombie (Crypt:2)
  4 basilisks
  12 fire elementals
  2 wyverns
  4 humans (D:14)
  2 steam dragons
  43 yaks
  A golden eye (shapeshifter) (Vaults:5)
  3 golden eyes (D:9)
  11 wargs
  36 redbacks
  3 chaos spawn
  2 vampire mosquitoes (Spider:4)
  A glowing shapeshifter zombie (Depths:3)
  An acid dragon (Depths:4)
  Duvessa (D:5)
  7 water moccasins
  6 black bears
  2 meliai simulacra (D:15)
  2 ice beasts
  10 orc warriors
  A crocodile (shapeshifter) (D:15)
  A sky beast (shapeshifter) (Depths:4)
  9 laughing skulls
  16 wolves
  2 boggarts
  7 ogres
  5 centaurs
  A lindwurm skeleton (Crypt:1)
  A lemure (Temple)
  A phantom (D:4)
  5 kobold brigands
  5 bullfrogs
  A vine stalker zombie (Crypt:2)
  3 gnoll sergeants
  5 scorpions
  A glowing shapeshifter simulacrum (Depths:3)
  A small abomination (D:8)
  4 earth elementals
  2 burial acolytes
  13 wights
  Dowan (D:5)
  6 howler monkeys
  An electric eel (Spider:3)
  A yak skeleton (Crypt:3)
  A crimson imp (D:14)
  2 human zombies
  A bombardier beetle (D:6)
  A gnoll bouda (D:9)
  12 orc priests
  7 jellies
  3 iguanas
  4 sleepcaps
  2 scorpion zombies (D:3)
  10 orc wizards
  An acid dragon skeleton (Crypt:3)
  A howler monkey zombie (D:10)
  11 gnolls
  4 adders
  A shadow imp (D:8)
  A white imp (D:5)
  4 ufetubi
  3 adder zombies (D:3)
  2 adder skeletons (Ossuary)
  3 ribbon worms
  2 dart slugs
  29 orcs
  6 endoplasms
  4 giant cockroaches
  9 goblins
  7 hobgoblins
  4 jackals (D:2)
  19 kobolds
  4 quokkas
  6 ball pythons
  2 ball python skeletons (Ossuary)
  8 bats
  3 frilled lizards
  2 hobgoblin skeletons (Ossuary)
  3 kobold skeletons (Ossuary)
  An orc skeleton (Ossuary)
  9 rats
  A spectral weapon (Zot:4)
  3 tentacles
1477 creatures vanquished.

Vanquished Creatures (collateral kills)
  3 dread liches (Zot:5)
  2 ancient liches
  2 orbs of fire
  Boris (twice) (Vaults:4 Depths:4)
  Vv (Depths:1)
  2 Killer Klowns (Zot:5)
  Margery (Vaults:4)
  2 caustic shrikes
  A curse toe (Zot:5)
  9 golden dragons
  Nikola (Elf:3)
  A shard shrike zombie (Crypt:3)
  7 tentacled monstrosities
  Jorgrun (Elf:1)
  A Hell Sentinel (D:1)
  15 Orb Guardians (Zot:5)
  3 titans
  3 liches
  A deep elf blademaster (Elf:3)
  2 quicksilver dragons
  A deep elf master archer (Elf:3)
  2 ancient champions (Crypt:3)
  A kraken (Shoals:2)
  6 death cobs
  7 shadow dragons
  6 storm dragons
  2 tengu reavers (Vaults:5)
  A fire giant (Depths:3)
  2 draconian knights
  4 draconian monks
  5 vault wardens
  An iron dragon (Vaults:5)
  3 deep elf sorcerers (Elf:3)
  2 revenants
  2 ghost moths (Zot:5)
  4 draconian scorchers
  5 frost giants
  3 emperor scorpions
  Louise (Elf:1)
  2 cacodemons (Depths:1)
  A draconian stormcaller (Depths:4)
  6 very ugly things
  2 deep elf elementalists (Elf:3)
  3 draconian annihilators (Zot:3)
  2 broodmothers
  9 stone giants
  7 ironbound preservers
  5 spriggan defenders
  A reaper (Depths:1)
  2 angels (Depths:3)
  15 vampire knights
  4 ironbound thunderhulks
  7 green draconians
  3 black draconians
  2 spark wasps
  3 yellow draconians
  4 deep elf demonologists
  2 lorocyprocas
  4 deep elf death magi
  2 war gargoyles (Vaults:5)
  2 deep elf annihilators
  14 red draconians
  3 eidola
  3 purple draconians
  5 dire elephants (Vaults:3)
  A blizzard demon (Depths:1)
  5 merfolk impalers
  7 ettins
  A crystal guardian (Vaults:2)
  A green death (Zot:5)
  4 merfolk javelineers
  4 jiangshi
  4 deep elf high priests
  3 entropy weavers
  A quicksilver dragon zombie (Crypt:3)
  2 great orbs of eyes
  A spriggan zombie (Depths:2)
  4 fire dragons
  20 vault guards
  The ghost of Stonecrops the Nimble, a journeyman FoFi of Gozag (D:11)
  The ghost of Stonecrops the Cleaver, a journeyman DsGl of Gozag (Orc:2)
  A rakshasa (Depths:1)
  7 yaktaur captains
  A hell beast (Depths:1)
  3 catoblepae (Lair:5)
  3 ice dragons
  A hydra (D:13)
  2 spriggan air magi (Depths:4)
  A merfolk avatar (Shoals:2)
  2 death knights (D:13)
  A sphinx zombie (Depths:3)
  A fenstrider witch skeleton (Crypt:1)
  3 merfolk aquamancers
  A two-headed ogre (D:13)
  4 dancing weapons
  A radroach (Spider:3)
  A jorogumo (Spider:4)
  2 sphinx skeletons
  4 ironbound frosthearts
  4 boulder beetles
  4 tengu warriors
  Erica (Lair:2)
  An alligator snapping turtle (Shoals:4)
  3 deep troll shamans
  2 satyrs (Shoals:4)
  5 vampire magi
  4 death yaks
  2 orc high priests (Elf:1)
  3 demonic crawlers
  2 hell hogs (D:6)
  2 deep troll earth magi
  3 spriggan berserkers
  A sun demon (Depths:1)
  A skyshark (Shoals:1)
  4 hell knights
  2 storm dragon zombies
  23 skeletal warriors
  3 deep elf knights (Elf:1)
  A soul eater (Depths:1)
  5 iron trolls
  2 pharaoh ants
  A sixfirhy (Depths:1)
  2 flayed ghosts
  3 sea snakes (Shoals:4)
  2 cherubim (Depths:3)
  2 shadow wraiths
  26 deep trolls
  A shadow demon (Depths:1)
  3 orb spiders
  4 arcanists
  A thermic dynamo (Elf:3)
  A glowing orange brain (Zot:4)
  6 lindwurms
  2 tengu zombies
  2 steelbarb worms
  A deep elf archer (Elf:1)
  5 orc knights
  3 harpies
  9 deep elf pyromancers
  7 phantasmal warriors
  6 ironbound convokers
  2 orc sorcerers
  4 necromancers
  12 wolf spiders
  A frost giant zombie (Depths:3)
  24 ugly things
  7 deep elf zephyrmancers
  3 fauns
  A faun (shapeshifter) (Vaults:5)
  3 meliai
  14 moths of wrath
  3 cyclopes
  A rust devil (Spider:3)
  3 manticores
  2 centaur zombies
  2 elephants (Lair:4)
  A titan simulacrum (Depths:3)
  2 merfolk sirens (Shoals:3)
  An iron dragon skeleton (Crypt:3)
  2 orange demons
  3 smoke demons
  9 vault sentinels
  3 torpor snails
  3 cane toads
  An unseen horror (D:12)
  7 yaktaurs
  A kobold demonologist (D:13)
  2 komodo dragons (Lair:5)
  2 red devils (Depths:1)
  16 merfolk
  An iron troll skeleton (Crypt:3)
  A hellwing (Lair:5)
  14 tarantellas
  A hydra zombie (Crypt:3)
  2 hornets
  A wind drake (Shoals:2)
  10 blink frogs
  A guardian serpent zombie (Crypt:1)
  4 snapping turtles
  2 slime creatures
  28 jumping spiders
  2 ettin zombies
  2 spriggans
  10 culicivoras
  A shadow (D:11)
  A wyvern (Lair:3)
  15 yaks
  A ynoxinul (Depths:1)
  A black mamba zombie (Crypt:1)
  7 water elementals
  11 fire elementals
  7 wraiths
  A human (D:14)
  A wind drake zombie (Crypt:1)
  2 steam dragons (Depths:4)
  A warg (Vaults:5)
  A vampire mosquito (Spider:4)
  27 redbacks
  A naga zombie (Crypt:3)
  A merfolk zombie (Crypt:2)
  2 acid dragons (Depths:4)
  2 glowing shapeshifter zombies (Depths:3)
  4 water moccasins
  A meliai simulacrum (D:11)
  An elephant zombie (Crypt:2)
  A dream sheep zombie (Crypt:1)
  A boggart (Vaults:3)
  12 laughing skulls
  3 ogres (Orc:2)
  A manticore skeleton (Crypt:1)
  4 wolves
  A rime drake skeleton (Crypt:1)
  3 kobold brigands
  2 bullfrogs
  A glowing shapeshifter simulacrum (Depths:3)
  2 earth elementals (Elf:2)
  A jelly (Lair:5)
  An orc priest (Elf:1)
  A spectral boggart (D:11)
  A bullfrog skeleton (Crypt:1)
  A black bear zombie (Crypt:3)
  An orc wizard (D:11)
  7 gnolls (D:11)
  A shadow imp (D:14)
  An ufetubus (Gauntlet)
  8 kobolds
  An endoplasm zombie (Crypt:2)
  A frilled lizard skeleton (Crypt:1)
  A butterfly (Lair:3)
  3 tentacles (Shoals:2)
858 creatures vanquished.

Vanquished Creatures (others)
  Saint Roka (Vaults:4)
  A storm dragon (Zot:2)
  15 orc warlords
  A black draconian (Zot:3)
  A vault guard (D:14)
  A hell beast (Depths:1)
  An occultist (Depths:1)
  15 orc high priests
  44 orc apostles
  An ironbound convoker (Vaults:5)
  27 orc knights
  2 deep elf zephyrmancers
  A hellwing (Depths:1)
  A yak (D:9)
  28 orc warriors
  A boggart (Vaults:3)
  19 orc priests
  16 orcs
  81 foxfires
  8 tentacles
265 creatures vanquished.

Grand Total: 2600 creatures vanquished

Notes
Turn   | Place    | Note
-------+----------+-------------------------------------------
     0 | D:1      | Jannitor the Barachi Hexslinger began the quest for the
                  | Orb.
     0 | D:1      | Reached XP level 1. HP: 15/15 MP: 2/2
   192 | D:1      | Reached XP level 2. HP: 20/21 MP: 3/3
   879 | D:2      | Reached XP level 3. HP: 27/27 MP: 5/5
   887 | D:2      | Reached skill level 1 in Maces & Flails
  1893 | D:3      | Reached XP level 4. HP: 33/33 MP: 6/6
  1914 | D:3      | Reached skill level 1 in Armour
  2277 | D:3      | Reached XP level 5. HP: 38/39 MP: 7/7
  2288 | D:3      | Noticed a centaur
  2298 | D:3      | Killed a centaur
  2471 | D:3      | Reached XP level 6. HP: 47/47 MP: 8/8
  3222 | D:4      | Noticed a moth of wrath
  3225 | D:4      | Found a bloodstained altar of Trog.
  3225 | D:4      | Found the +12 glaive of Prune {freeze, Prune}
  3593 | D:4      | Noticed Eustachio
  3598 | D:4      | Reached XP level 7. HP: 53/54 MP: 9/9
  3607 | D:4      | Killed Eustachio
  3804 | D:5      | Entered Level 5 of the Dungeon
  3805 | D:5      | Noticed Prince Ribbit
  3920 | D:5      | Killed Prince Ribbit
  3921 | D:5      | Reached skill level 5 in Fighting
  3935 | D:5      | Noticed Sigmund
  3947 | D:5      | Reached XP level 8. HP: 62/62 MP: 10/10
  3954 | D:5      | Killed Sigmund
  3986 | D:5      | Reached skill level 5 in Armour
  4199 | D:5      | Noticed Dowan
  4200 | D:5      | Noticed Duvessa
  4403 | D:5      | Killed Duvessa
  4633 | D:5      | Killed Dowan
  4696 | D:5      | Reached skill level 5 in Polearms
  4875 | D:5      | Found a staircase to the Ecumenical Temple.
  5013 | D:5      | Noticed Pikel
  5014 | D:5      | Noticed Grinder
  5044 | Temple   | Entered the Ecumenical Temple
  5289 | Temple   | Killed Pikel
  5290 | Temple   | Reached XP level 9. HP: 56/71 MP: 11/11
  5375 | D:5      | Found Taredauq's General Store.
  5377 | D:5      | Found a hazy altar of Hepliaklqana.
  5395 | D:5      | Paralysed by Grinder for 3 turns
  5398 | D:5      | Killed Grinder
  5458 | D:5      | Bought a wand of iceblast (7) for 252 gold pieces
  5458 | D:5      | Bought a scroll of teleportation for 45 gold pieces
  5805 | D:6      | Found a white marble altar of Elyvilon.
  6103 | D:6      | Became a worshipper of Beogh the Shepherd
  6616 | D:7      | Identified a scroll of acquirement
  6616 | D:7      | Acquired 1123 gold pieces
  6674 | D:7      | Found a sparkling altar of Nemelex Xobeh.
  6681 | D:7      | Reached XP level 10. HP: 80/80 MP: 12/12
  6858 | D:7      | Found a sand-covered staircase.
  6864 | Ossuary  | Entered an ossuary
  7004 | Ossuary  | Reached * piety under Beogh
  7681 | D:8      | Noticed Psyche
  7858 | D:7      | Upgraded the game from 0.32-a0-814-g0968bab981 to
                  | 0.32-a0-815-g315f82d515
  7943 | D:8      | Killed Psyche
  8115 | D:8      | Found a basalt altar of Yredelemnul.
  8235 | D:8      | Found a shimmering altar of Xom.
  8430 | D:8      | Found a staircase to the Lair.
  8848 | D:9      | Found an iron altar of Okawaru.
  8854 | D:9      | Reached ** piety under Beogh
  8967 | D:9      | Reached skill level 1 in Invocations
  9026 | D:9      | Noticed Maurice
  9026 | D:9      | Noticed a two-headed ogre
  9031 | D:9      | Something stole a ring of protection from cold
  9033 | D:9      | Something stole a +1 sling of draining
  9097 | D:9      | Maurice stole 732 gold
  9099 | D:9      | Maurice stole 104 gold
  9102 | D:9      | Maurice stole 176 gold
  9103 | D:9      | Killed Maurice
  9104 | D:9      | Reached skill level 10 in Polearms
  9572 | D:9      | Reached XP level 11. HP: 72/88 MP: 13/13
  9916 | D:9      | Killed a two-headed ogre
  9917 | D:9      | Reached skill level 10 in Fighting
 10281 | D:10     | Entered Level 10 of the Dungeon
 10291 | D:10     | Found a staircase to the Orcish Mines.
 10359 | D:10     | Found a flagged portal.
 10372 | Bailey   | Entered a bailey
 10714 | Bailey   | Found a burning altar of Makhleb.
 10846 | D:10     | Found Entah's Jewellery Emporium.
 10851 | D:10     | Bought a +5 ring of evasion for 360 gold pieces
 10903 | D:10     | Reached skill level 10 in Armour
 10987 | D:10     | Noticed a two-headed ogre
 11104 | D:10     | Found a hide-covered altar of Uskayaw.
 11105 | D:10     | Found a glowing silver altar of Zin.
 11112 | D:10     | Killed a two-headed ogre
 11165 | D:10     | Found a shimmering blue altar of Sif Muna.
 11698 | D:10     | Found a broken altar of Ashenzari.
 11914 | D:10     | Reached *** piety under Beogh
 11933 | D:10     | Noticed Bogbarth
 11940 | D:10     | Anointed Bogbarth the priest as your apostle
 12134 | D:10     | Found an ancient bone altar of Kikubaaqudgha.
 12299 | D:10     | Reached XP level 12. HP: 85/99 MP: 15/15
 12436 | D:11     | Found Coowuh's Weapon Shoppe.
 12494 | D:11     | Noticed a boulder beetle
 12506 | D:11     | Killed a boulder beetle
 12742 | D:11     | Found a runed translucent gate.
 12742 | D:11     | Found a runed translucent gate.
 12742 | D:11     | Found a runed translucent gate.
 12745 | D:11     | Identified the +9 dagger "Ruuqox" {freeze, rC+ Str-3 SInv}
 12745 | D:11     | Noticed Ognian
 12766 | D:11     | Anointed Ognian the wizard as your apostle
 12819 | D:11     | Noticed Stonecrops's ghost (journeyman FoFi)
 13026 | D:11     | Reached skill level 5 in Invocations
 13029 | D:11     | Reached **** piety under Beogh
 13466 | Lair:1   | Entered Level 1 of the Lair of Beasts
 13503 | Lair:1   | Your ally Ognian died
 13509 | Lair:1   | Your ally Bogbarth died
 13666 | Lair:1   | Found a transporter.
 13686 | Lair:1   | Noticed grizmgrazm2's ghost (journeyman GnSh)
 13708 | Lair:1   | Found a transporter.
 13712 | Lair:1   | Found a bloodstained altar of Trog.
 14186 | D:8      | Reached ***** piety under Beogh
 14252 | Lair:1   | Noticed a death yak
 14252 | Lair:1   | Noticed a death yak
 14253 | Lair:1   | Noticed a death yak
 14283 | D:8      | Killed a death yak
 14522 | Lair:1   | Gained mutation: You can hop long distances. [Barachi
                  | growth]
 14522 | Lair:1   | Reached XP level 13. HP: 108/108 MP: 17/17
 14542 | Lair:1   | Upgraded the game from 0.32-a0-815-g315f82d515 to
                  | 0.32-a0-818-gb728d0252e
 14566 | Lair:1   | Anointed Gorbash the warrior as your apostle
 15073 | Lair:2   | Found a staircase to the Shoals.
 15268 | Lair:2   | Noticed Erica
 15273 | Lair:2   | Killed Erica
 15440 | Lair:2   | Found a hole to the Spider Nest.
 15901 | Lair:3   | Identified the +0 scale mail of the Burning God {Int+6
                  | Dex+2 Slay-6}
 16779 | Lair:4   | You fall into a shaft and drop 1 floor!
 16779 | Lair:5   | Entered Level 5 of the Lair of Beasts
 16782 | Lair:5   | Reached skill level 1 in Evocations
 16885 | Lair:5   | Reached XP level 14. HP: 107/118 MP: 19/19
 16969 | Lair:5   | Found a transporter.
 16969 | Lair:5   | Found a transporter.
 16977 | Lair:5   | Noticed paps's ghost (journeyman DsGl)
 17012 | Lair:5   | Reached skill level 15 in Polearms
 17201 | Lair:5   | Identified the +1 robe "Jil Jil" {Int+2 Stlth+}
 17216 | Lair:5   | Anointed Berold the wizard as your apostle
 17458 | Lair:5   | Your ally Gorbash died
 17460 | Lair:5   | Reached ****** piety under Beogh
 17464 | Lair:5   | Your ally Berold died
 17472 | Lair:5   | Your ally Bogbarth died
 17541 | Lair:5   | Found a viscous altar of Jiyva.
 17542 | Lair:5   | Found a staircase to the Slime Pits.
 18282 | Orc:1    | Entered Level 1 of the Orcish Mines
 18422 | Orc:1    | Found Ilu Kis's Antique Armour Emporium.
 18601 | Orc:2    | Entered Level 2 of the Orcish Mines
 18601 | Orc:2    | Found a staircase to the Elven Halls.
 18621 | Orc:2    | Found a runed translucent gate.
 18622 | Orc:2    | Found a runed translucent gate.
 18623 | Orc:2    | Found a runed translucent gate.
 18631 | Orc:2    | Noticed hattey's ghost (journeyman HuWn)
 18631 | Orc:2    | Noticed mojasp's ghost (journeyman CoBe)
 18631 | Orc:2    | Noticed ballabu's ghost (journeyman OpSh)
 18631 | Orc:2    | Noticed Stonecrops's ghost (journeyman DsGl)
 18633 | Orc:2    | Noticed an orc warlord
 18656 | Orc:2    | Killed an orc warlord
 18740 | Orc:1    | Bought ichor-stained storm dragon scales for 2380 gold
                  | pieces
 18740 | Orc:1    | Identified the +0 storm dragon scales of the Shining Light
                  | {*Slow +Blink rElec Regen+ Str+4} (You bought it in a shop
                  | on level 1 of the Orcish Mines)
 18780 | Orc:2    | Noticed beef's ghost (journeyman HOFi)
 19281 | Orc:2    | Reached skill level 5 in Evocations
 19301 | Orc:2    | Paralysed by something for 3 turns
 19506 | Orc:2    | Found Uxenkeul's Distillery.
 19506 | Orc:2    | Found Cilast's Distillery.
 19511 | Orc:2    | Bought a potion of might for 60 gold pieces
 19511 | Orc:2    | Bought a potion of mutation for 120 gold pieces
 19531 | Orc:2    | Found a roughly hewn altar of Beogh.
 19556 | Orc:2    | Found Peoguoz's Book Shoppe.
 19559 | Orc:2    | Found Cuv Dupp's Armour Emporium.
 19805 | D:11     | Killed Stonecrops's ghost
 19806 | D:11     | Reached XP level 15. HP: 117/126 MP: 21/21
 20673 | D:13     | Your ally Berold died
 20692 | D:13     | Found a gate leading to a gauntlet.
 20703 | Gauntlet | Entered a Gauntlet
 20703 | Gauntlet | Found a transporter.
 20703 | Gauntlet | Found a transporter.
 20703 | Gauntlet | Found a transporter.
 20703 | Gauntlet | Found a transporter.
 20762 | Gauntlet | Found a transporter.
 20763 | Gauntlet | Found a transporter.
 20771 | Gauntlet | Found a transporter.
 20774 | Gauntlet | Found a transporter.
 20782 | Gauntlet | Found a transporter.
 20800 | Gauntlet | Found a transporter.
 20820 | Gauntlet | Found a transporter.
 20822 | Gauntlet | Found a transporter.
 20997 | Gauntlet | Identified the +2 hat of the Stallion {rC+ Will+ SInv}
 21043 | Gauntlet | Identified the +0 scale mail of Lugos {Harm +Blink rC-}
 21074 | D:13     | Identified the +1 battleaxe of Sumij {heavy, Will+ Str+2}
 21074 | D:13     | Identified the +3 scale mail of the Wasteland {Rampage
                  | rPois rC- Int+4}
 21093 | D:13     | Anointed Ugbert the warrior as your apostle
 21483 | D:13     | Your ally Bogbarth died
 22125 | D:14     | Your ally Ugbert died
 22169 | D:14     | Found Oninti Nole's Distillery.
 22210 | D:14     | Found a portal to a secret trove of treasure.
 22234 | D:14     | Bought a potion of heal wounds for 60 gold pieces
 22234 | D:14     | Bought a potion of heal wounds for 60 gold pieces
 22234 | D:14     | Bought a potion of haste for 120 gold pieces
 22234 | D:14     | Bought a potion of might for 48 gold pieces
 22252 | D:14     | Reached skill level 15 in Fighting
 22306 | D:14     | Found a transporter.
 22320 | D:14     | Found a transporter.
 22323 | D:14     | Found a transporter.
 22327 | D:14     | Found a transporter.
 22559 | D:14     | Reached skill level 15 in Armour
 22561 | D:14     | Your ally Gorbash died
 22821 | D:14     | Reached XP level 16. HP: 103/136 MP: 23/23
 22913 | D:14     | Found a gate to the Vaults.
 23243 | D:15     | Entered Level 15 of the Dungeon
 23390 | D:15     | Identified the staff of Bread {Fly rElec rC+ Stlth- Air}
 23632 | D:15     | Got Sif Muna's Lessons on the Snowflakes
 23850 | D:15     | Found a staircase to the Depths.
 23872 | D:15     | Reached skill level 10 in Invocations
 23934 | D:15     | Identified the staff "Birchoti" {rElec Str+3 Air}
 24074 | D:15     | Paralysed by an air elemental for 1 turns
 24740 | Spider:1 | Entered Level 1 of the Spider Nest
 24784 | Spider:1 | Identified the +8 dagger of Hofiaw {speed, Fly rC- Int+4
                  | Dex+2}
 24806 | Spider:1 | Your ally Bogbarth died
 24811 | Spider:1 | Anointed Warbeogh the wizard as your apostle
 25303 | Spider:1 | Your ally Ugbert died
 25593 | Spider:1 | Reached XP level 17. HP: 86/144 MP: 24/24
 26874 | Spider:2 | You fall into a shaft and drop 1 floor!
 26891 | Spider:3 | Your ally Gorbash died
 27479 | Spider:3 | Anointed Bogric the wizard as your apostle
 27632 | Spider:3 | Reached skill level 10 in Evocations
 28126 | Spider:4 | Entered Level 4 of the Spider Nest
 28233 | Spider:4 | Your ally Bogric died
 28510 | Spider:4 | Reached XP level 18. HP: 136/153 MP: 26/26
 28748 | Spider:4 | Your ally Warbeogh died
 28772 | Spider:4 | Got a gossamer rune of Zot
 28774 | Spider:4 | Your ally Ugbert died
 28893 | Spider:4 | Identified the scarf of Sloth {repulsion, ^Drain rN+ Will+}
 29168 | Shoals:1 | Entered Level 1 of the Shoals
 29185 | Shoals:1 | Found Geecvad's Gadget Gallery.
 29227 | Shoals:1 | Bought a lightning rod (4/4) for 440 gold pieces
 29227 | Shoals:1 | Bought a tin of tremorstones (2/2) for 440 gold pieces
 29351 | Shoals:1 | Upgraded the game from 0.32-a0-818-gb728d0252e to
                  | 0.32-a0-825-g0e82a1035d
 29813 | Shoals:1 | Identified the +6 flail "Qioxet" {pain, rC+}
 29829 | Shoals:1 | Anointed Worak the priest as your apostle
 30275 | Shoals:2 | Found a runed translucent gate.
 30275 | Shoals:2 | Found a runed translucent gate.
 30275 | Shoals:2 | Found a runed translucent gate.
 30276 | Shoals:2 | Found an opulent altar of Gozag.
 30276 | Shoals:2 | Noticed Aclacsih's ghost (adept GrEE)
 30278 | Shoals:2 | Found Efost's Assorted Antiques.
 30287 | Shoals:2 | Killed Aclacsih's ghost
 30445 | Shoals:2 | Bought a potion of heal wounds for 130 gold pieces
 31125 | Shoals:3 | Noticed Polyphemus
 31139 | Shoals:3 | Killed Polyphemus
 31264 | Shoals:3 | Noticed Ilsuiw
 31273 | Shoals:3 | Reached XP level 19. HP: 163/163 MP: 24/28
 31276 | Shoals:3 | Killed Ilsuiw
 31279 | Shoals:3 | Your ally Warbeogh died
 32014 | Shoals:4 | Entered Level 4 of the Shoals
 32157 | Shoals:4 | Identified the +8 quarterstaff of Certain Death {freeze,
                  | rC+ Dex+4}
 32173 | Shoals:4 | Found a large runed translucent door.
 32173 | Shoals:4 | Found a large runed translucent door.
 32175 | Shoals:4 | Noticed fly's ghost (adept KoDe)
 32505 | Shoals:4 | Found the +0 pair of gloves of the gadgeteer {Gadgeteer
                  | Wandboost ^Fragile}
 32730 | Shoals:4 | Got a barnacled rune of Zot
 33247 | Shoals:2 | Your ally Worak died
 33249 | Shoals:2 | Your ally Ugbert died
 33256 | Shoals:2 | Anointed Boghold the wizard as your apostle
 33714 | Orc:2    | Killed mojasp's ghost
 33714 | Orc:2    | Your ally Boghold died
 33717 | Orc:2    | Killed ballabu's ghost
 33722 | Orc:2    | Killed hattey's ghost
 33726 | Orc:2    | Killed beef's ghost
 33730 | Orc:2    | Killed Stonecrops's ghost
 33975 | D:14     | You paid a toll of 13 potions of heal wounds to enter a
                  | treasure trove
 33976 | Trove    | Entered a treasure trove
 34022 | Trove    | Identified the amulet "Raet" {Acrobat rElec Dex+2 Slay+5}
 34034 | Trove    | Identified the amulet "Kipsis" {Reflect Harm rN+ Str+3
                  | Dex-5 SH+5}
 34036 | Trove    | Identified the amulet of the Peasants {Spirit -Cast rElec
                  | rC+ Stlth+}
 34222 | Orc:1    | Bought a buzzing chain mail for 266 gold pieces
 34222 | Orc:1    | Identified the +7 chain mail of the Saviour {Int+4} (You
                  | bought it in a shop on level 1 of the Orcish Mines)
 34361 | Vaults:1 | Entered Level 1 of the Vaults
 34376 | Vaults:1 | Paralysed by a formless jellyfish for 1 turns
 34390 | Vaults:1 | Identified the +6 chain mail of the Onion {Harm MP+9}
 34605 | Vaults:1 | You fall into a shaft and drop 1 floor!
 34875 | Vaults:1 | Reached XP level 20. HP: 174/174 MP: 30/30
 35432 | Vaults:1 | Found Ysyocko's Antique Armour Shop.
 35504 | Vaults:1 | Paralysed by a formless jellyfish for 1 turns
 35662 | Vaults:1 | Found Umaadu's Distillery.
 35669 | Vaults:1 | Bought a potion of heal wounds for 65 gold pieces
 35669 | Vaults:1 | Bought a potion of haste for 130 gold pieces
 35966 | Vaults:1 | Upgraded the game from 0.32-a0-825-g0e82a1035d to
                  | 0.32-a0-837-g8d3e27d251
 36066 | Vaults:2 | Reached skill level 5 in Dodging
 36127 | Vaults:2 | Your ally Worak died
 36317 | Vaults:2 | Found Gydghare's Book Shop.
 36741 | Vaults:2 | Noticed Zenata
 36745 | Vaults:2 | Killed Zenata
 36798 | Vaults:2 | Your ally Warbeogh died
 36798 | Vaults:2 | Your ally Boghold died
 36899 | Vaults:2 | Identified the +1 ring mail of Pleasant Breezes {rF+
                  | Regen+}
 37350 | Vaults:3 | Found a staircase to the Crypt.
 37572 | Vaults:3 | Your ally Warbeogh died
 37608 | Vaults:3 | Found Huloegui's Assorted Antiques.
 37612 | Vaults:3 | Bought a potion of heal wounds for 110 gold pieces
 37629 | Vaults:3 | Identified the +7 dire flail of Popular Demand {flame, rF+
                  | Int+3 Dex+5}
 37643 | Vaults:3 | Anointed Korbok the warrior as your apostle
 37705 | Vaults:3 | Your ally Boghold died
 37865 | Vaults:3 | Reached XP level 21. HP: 183/183 MP: 31/31
 38116 | Vaults:3 | Acquired 894 gold pieces
 38405 | Vaults:3 | Upgraded the game from 0.32-a0-837-g8d3e27d251 to
                  | 0.32-a0-870-g877066f4b4
 38566 | Vaults:4 | Noticed Jory
 38579 | Vaults:4 | Killed Jory
 38580 | Vaults:4 | Reached skill level 15 in Evocations
 38813 | Vaults:4 | Noticed Bai Suzhen
 38822 | Vaults:4 | Killed Bai Suzhen
 39089 | Vaults:4 | Identified the +0 chain mail "Favogarr" {Dex+4}
 39098 | Vaults:4 | Noticed Saint Roka
 39109 | Vaults:4 | Killed Saint Roka
 39310 | Vaults:4 | Found a runed translucent door.
 39310 | Vaults:4 | Noticed Yjimoseergh's ghost (adept SpFE)
 39380 | Vaults:4 | Identified the +4 robe of Coanyusch {rC+ MP+9}
 39380 | Vaults:4 | Noticed Boris
 39397 | Vaults:4 | Killed Boris
 39405 | Vaults:4 | Identified the +0 robe of Yesterday {Harm rF- Will- Dex+9}
 39620 | Vaults:4 | Noticed Margery
 39790 | Vaults:4 | Killed Margery
 39931 | Vaults:4 | Killed Yjimoseergh's ghost
 40217 | Elf:1    | Entered Level 1 of the Elven Halls
 40306 | Elf:1    | Noticed Agnes
 40311 | Elf:1    | Killed Agnes
 40336 | Elf:1    | Noticed Asterion
 40343 | Elf:1    | Killed Asterion
 40407 | Elf:1    | Reached skill level 15 in Invocations
 40425 | Elf:1    | Reached skill level 1 in Shields
 40521 | Elf:1    | Noticed Louise
 40535 | Elf:1    | Killed Louise
 40624 | Elf:1    | Identified the ring "Damou" {rElec rPois rN++ Slay-2}
 40692 | Elf:1    | Found Xietur's Jewellery Boutique.
 40729 | Elf:1    | Reached XP level 22. HP: 192/192 MP: 11/33
 40847 | Elf:1    | Identified the +9 war axe "Aveen" {freeze, rElec Will+
                  | Stlth+}
 40866 | Elf:1    | Your ally Korbok died
 40876 | Elf:1    | Your ally Worak died
 40881 | Elf:1    | Anointed Arkwar the warrior as your apostle
 41032 | Elf:1    | Found Hyto's Armour Shoppe.
 41066 | Elf:1    | Found Vuuph's Antique Armour Boutique.
 41130 | Elf:1    | Noticed Jorgrun
 41137 | Elf:1    | Killed Jorgrun
 41739 | Elf:2    | Found a runed translucent gate.
 41740 | Elf:2    | Found a runed translucent gate.
 41740 | Elf:2    | Found a runed translucent gate.
 42119 | Elf:3    | Entered Level 3 of the Elven Halls
 42126 | Elf:3    | Found Manwao's Weapon Boutique.
 42215 | Elf:3    | Found Peigiah's Jewellery Shop.
 42223 | Elf:3    | Reached skill level 10 in Dodging
 42586 | Elf:3    | Identified the +10 broad axe "Gegeptef" {protect, rPois
                  | rF+}
 42681 | Elf:3    | Identified the amulet "Soixeym" {Spirit Str+5}
 42702 | Elf:3    | Identified the ring "Qaoppeho" {rF+ rC+ rCorr EV+5}
 42892 | Elf:3    | Identified the +2 great sword "Naxay" {protect, Dex+3}
 43130 | Elf:3    | Noticed Nikola
 43138 | Elf:3    | Killed Nikola
 43139 | Elf:3    | Reached skill level 5 in Shields
 43239 | Elf:3    | Found Xiphuq's Antique Weapon Boutique.
 43600 | Depths:1 | Entered Level 1 of the Depths
 43627 | Depths:1 | Found a gateway to Hell.
 43961 | Depths:1 | Found Hinac's Jewellery Shop.
 43964 | Depths:1 | Found Hollaz's Magic Scroll Boutique.
 43967 | Depths:1 | Found Dimun's Weapon Shop.
 43972 | Depths:1 | Bought a scroll of fog for 48 gold pieces
 43972 | Depths:1 | Bought a scroll of fear for 48 gold pieces
 43972 | Depths:1 | Bought a scroll of enchant armour for 90 gold pieces
 43972 | Depths:1 | Bought 2 scrolls of summoning for 228 gold pieces
 44149 | Depths:1 | Reached XP level 23. HP: 196/201 MP: 11/34
 44166 | Depths:1 | Your ally Arkwar died
 44181 | Depths:1 | Found a one-way gate to the infinite horrors of the Abyss.
 44305 | Depths:1 | Found a glowing silver altar of Zin.
 44820 | Depths:2 | Noticed Vv
 44844 | Depths:1 | Killed Vv
 45092 | Depths:1 | Identified the +1 dagger "Esa Zara" {flame, rC+ Dex+3}
 45094 | Depths:1 | Your ally Korbok died
 45130 | Depths:1 | Anointed Bogdar the wizard as your apostle
 45523 | Depths:2 | Found a transporter.
 45591 | Depths:2 | Noticed a caustic shrike
 45600 | Depths:2 | Killed a caustic shrike
 45754 | Depths:2 | Your ally Bogdar died
 45774 | Depths:2 | Your ally Arkwar died
 45947 | Depths:2 | Found a transporter.
 46380 | Depths:2 | Found a one-way gate leading to the halls of Pandemonium.
 46417 | Depths:3 | Found a glowing golden altar of the Shining One.
 46642 | Depths:3 | Noticed an ancient lich
 46653 | Depths:3 | Killed an ancient lich
 47078 | Depths:3 | Found a corrupted altar of Lugonu.
 47107 | Depths:3 | Reached XP level 24. HP: 149/210 MP: 11/35
 47452 | Depths:4 | Entered Level 4 of the Depths
 47482 | Depths:4 | Identified the +4 robe of Inaction {^Drain +Inv rPois
                  | Int+4}
 47482 | Depths:4 | Noticed Boris
 47488 | Depths:4 | Killed Boris
 47689 | Depths:4 | Noticed a caustic shrike
 47689 | Depths:4 | Noticed a caustic shrike
 47692 | Depths:4 | Noticed a caustic shrike
 47695 | Depths:4 | Killed a caustic shrike
 47700 | Depths:4 | Killed a caustic shrike
 47702 | Depths:4 | Killed a caustic shrike
 47756 | Depths:4 | Found a one-way gateway to a ziggurat.
 47776 | Depths:4 | Your ally Boghold died
 47780 | Depths:4 | Anointed Hawl the priest as your apostle
 48140 | Depths:4 | Found a gate to the Realm of Zot.
 48552 | Vaults:4 | Acquired the ring "Yfaustru" {rElec AC+4 SInv}
 48557 | Vaults:5 | Entered Level 5 of the Vaults
 48563 | Vaults:5 | Noticed a dread lich
 48576 | Vaults:5 | Your ally Bogdar died
 48581 | Vaults:5 | Your ally Hawl died
 48604 | Vaults:5 | Your ally Arkwar died
 48694 | Vaults:5 | Reached skill level 10 in Shields
 48700 | Vaults:5 | Noticed an ancient lich
 48718 | Vaults:5 | Killed an ancient lich
 48835 | Vaults:5 | Killed a dread lich
 48876 | Vaults:5 | Reached XP level 25. HP: 203/221 MP: 11/35
 48945 | Vaults:5 | Got a silver rune of Zot
 49390 | Vaults:5 | Noticed an ancient lich
 49398 | Vaults:5 | Killed an ancient lich
 49454 | Vaults:5 | Identified the +12 longbow "Death Rattle" {elec, Dex+3}
 49610 | Vaults:5 | Identified the ring "Jiahueqo" {rF+ AC+4 SInv}
 49877 | Vaults:5 | Identified the staff of Yghev {rElec rPois rN++ Str-5 Tloc
                  | Alchemy}
 49899 | Vaults:5 | Identified the +6 hand axe of the Grim God {flame, *Slow
                  | Fly rN++}
 50174 | Vaults:4 | Identified the +9 battleaxe of Misery {drain, *Rage +Blink
                  | Will++ Str+4}
 50222 | Crypt:1  | Entered Level 1 of the Crypt
 50534 | Crypt:1  | Found a huge runed translucent gate.
 50534 | Crypt:1  | Found a huge runed translucent gate.
 50535 | Crypt:1  | Found a huge runed translucent gate.
 50535 | Crypt:1  | Found a huge runed translucent gate.
 50535 | Crypt:1  | Found a huge runed translucent gate.
 50536 | Crypt:1  | Found a huge runed translucent gate.
 50536 | Crypt:1  | Found a huge runed translucent gate.
 50538 | Crypt:1  | Found a huge runed translucent gate.
 50538 | Crypt:1  | Found a huge runed translucent gate.
 51261 | Crypt:2  | Found an ancient bone altar of Kikubaaqudgha.
 51809 | Crypt:3  | Entered Level 3 of the Crypt
 51832 | Crypt:3  | Found a staircase to the Tomb.
 52024 | Crypt:3  | Identified the +12 dagger of Zerir {flame, Will- rCorr
                  | Dex-5 SInv}
 52152 | Crypt:3  | Your ally Hawl died
 52194 | Crypt:3  | Found an ancient bone altar of Kikubaaqudgha.
 52369 | Crypt:3  | Reached skill level 15 in Dodging
 52376 | Crypt:3  | Reached XP level 26. HP: 231/231 MP: 11/35
 52556 | Crypt:3  | Identified the ring "Titsuyf" {*Corrode rElec rN++ EV+5
                  | Int+3}
 52562 | Crypt:3  | Found the +27 heavy crossbow "Sniper" {heavy, Acc+∞ SInv}
 52568 | Crypt:3  | Identified the ring of Caz Uts {*Corrode rN++ Dex+3 Slay+4}
 52568 | Crypt:3  | Identified the ring of Lust {Fly rPois rN++ Will++ Str-4}
 52579 | Crypt:3  | Identified the +1 helmet "Buuniywn" {rCorr Str+4 Slay-2}
 52938 | Crypt:3  | Noticed Xtahua
 52953 | Crypt:3  | Killed Xtahua
 53976 | Zot:1    | Entered Level 1 of the Realm of Zot
 54003 | Zot:1    | Your ally Arkwar died
 54298 | Zot:1    | Your ally Bogdar died
 55088 | Zot:1    | Found a transporter.
 55104 | Zot:1    | Found a transporter.
 55118 | Zot:1    | Found a transporter.
 55119 | Zot:1    | Found a transporter.
 55142 | Zot:1    | Found a transporter.
 55146 | Zot:1    | Found a transporter.
 55352 | Zot:2    | Noticed an orb of fire
 55861 | Zot:2    | Your ally Hawl died
 56615 | Zot:2    | Gained mutation: You sometimes lose your temper in combat.
                  | [an orb of fire]
 56623 | Zot:2    | Killed an orb of fire
 56649 | Zot:2    | Lost mutation: You sometimes lose your temper in combat.
                  | [potion of mutation]
 56649 | Zot:2    | Gained mutation: Potions are less effective at restoring
                  | your health. [potion of mutation]
 56649 | Zot:2    | Gained mutation: You have sharp toenails. [potion of
                  | mutation]
 56650 | Zot:2    | Lost mutation: You have sharp toenails. [potion of
                  | mutation]
 56650 | Zot:2    | Lost mutation: Potions are less effective at restoring your
                  | health. [potion of mutation]
 56650 | Zot:2    | Gained mutation: You are frail. (-10% HP) [potion of
                  | mutation]
 56650 | Zot:2    | Gained mutation: Your system is resistant to poisons.
                  | (rPois) [potion of mutation]
 56650 | Zot:2    | Gained mutation: Your spells are a little harder to cast,
                  | but a little more powerful. [potion of mutation]
 56678 | Zot:2    | Noticed an ancient lich
 56698 | Zot:2    | Killed an ancient lich
 56852 | Zot:2    | Your ally Bogdar died
 56862 | Zot:2    | Noticed an orb of fire
 56868 | Zot:2    | Killed an orb of fire
 57874 | Zot:3    | Got the Anthology of Numb Caskets
 57905 | Zot:3    | Reached XP level 27. HP: 185/216 MP: 12/36
 58365 | Zot:3    | Your ally Bogdar died
 60027 | Zot:5    | Entered Level 5 of the Realm of Zot
 60324 | Zot:5    | Your ally Bogdar died
 60386 | Zot:5    | Your ally Hawl died
 60620 | Zot:5    | Upgraded the game from 0.32-a0-870-g877066f4b4 to
                  | 0.32-a0-872-g59262bdc9b
 61056 | Zot:5    | Noticed an orb of fire
 61071 | Zot:5    | Killed an orb of fire
 61074 | Zot:5    | Noticed a dread lich
 61088 | Zot:5    | Killed a dread lich
 61340 | Zot:5    | Your ally Arkwar died
 61386 | Zot:5    | Noticed an orb of fire
 61409 | Zot:5    | Noticed a dread lich
 61414 | Zot:5    | Killed an orb of fire
 61422 | Zot:5    | Noticed an ancient lich
 61425 | Zot:5    | Killed a dread lich
 61430 | Zot:5    | Killed an ancient lich
 61435 | Zot:5    | Noticed a dread lich
 61436 | Zot:5    | Noticed a dread lich
 61449 | Zot:5    | Killed a dread lich
 61450 | Zot:5    | Reached skill level 15 in Shields
 61455 | Zot:5    | Killed a dread lich
 61460 | Zot:5    | Noticed a dread lich
 61467 | Zot:5    | Killed a dread lich
 61747 | Zot:5    | Noticed an ancient lich
 61784 | Zot:4    | Killed an ancient lich
 61972 | Zot:5    | Noticed an orb of fire
 61974 | Zot:5    | Gained mutation: You are very frail. (-20% HP) [an orb of
                  | fire]
 62151 | Zot:4    | Killed an orb of fire
 62225 | Zot:4    | Lost mutation: You are very frail. (-20% HP) [potion of
                  | mutation]
 62225 | Zot:4    | Lost mutation: You are frail. (-10% HP) [potion of
                  | mutation]
 62225 | Zot:4    | Gained mutation: You are somewhat resistant to further
                  | mutation. [potion of mutation]
 63137 | Zot:5    | Got the Orb of Zot
 63250 | Zot:3    | Noticed Tymitz the pandemonium lord
 63576 | D:9      | Noticed Welot the pandemonium lord
 63757 | D:1      | Your ally Bogdar died
 63766 | D:$      | Escaped with the Orb!

Illustrated notes

Levels and vault maps discovered:
D:1:      denvon_arrival_waterhouse, layout_loops_ring
D:2:      layout_basic, minmay_large_rounded_square,
          nicolae_twisty_statue_hallways
D:3:      cheibrodos_greedy_goblins, layout_loops_ring, serial_undead,
          serial_undead_e, serial_undead_b, serial_undead_d, serial_undead_d,
          serial_undead_e, serial_undead_f
D:4:      layout_cave_pods, tgw_trog, uniq_eustachio
D:5:      layout_cave_pools, lemuel_tele_altar, minmay_temple_entry_trees,
          serial_shops, nicolae_shop_window_shopping, uniq_grinder,
          uniq_prince_ribbit1, uniq_pikel, uniq_duvessa, uniq_sigmund
D:6:      layout_basic, elyvilon_altar_1
D:7:      layout_loops_ring, mainiacjoe_overflow_surrounded_room,
          nicolae_ossuary_entry_plus, nicolae_houndstooth_variations
D:8:      layout_basic, mainiacjoe_overflow_cross_hatched,
          amcnicky_altar_gilded, lair_entry_dummy, uniq_psyche
D:9:      layout_loops_cross, mainiacjoe_overflow_tiny_flanked, uniq_maurice
D:10:     layout_layer_cave, nicolae_sif_muna_little_library,
          lemuel_mausoleum_altar_kikubaaqudgha, marbit_many_paths,
          jmf_multi_god_temple, enter_bailey_5, serial_shops, shop,
          chequers_serial_rivers_small_3, chequers_serial_rivers_small_b
D:11:     layout_roguey, gammafunk_ghost_necromancy, serial_shops, shop,
          hangedman_fish_farm
D:12:     layout_gridville
D:13:     cheibrodos_tormentor_scu, layout_small_grid, serial_glass,
          glass_columns_b, glass_columns_a, gauntlet_entry_generic
D:14:     kennysheep_demon_hangout, layout_long_grid, ximxim_vaults_locker_room,
          serial_demonic, serial_demonic_d, serial_demonic_f, serial_demonic_b,
          serial_demonic_d, serial_demonic_c, serial_demonic_d, serial_shops,
          shop, enter_trove_6, minmay_staircase_windowed_small,
          nicolae_diode_intersection
D:15:     hangedman_crystal_crosses_colossus [crystal_crosses_arms_two,
          crystal_crosses_arms_two, crystal_crosses_arms_one]
Temple:   hellmonk_temple_beads
Lair:1:   layout_misc_corridors, gammafunk_ghost_wrathful_warriors,
          grunt_megastairs_5
Lair:2:   layout_regular_city, elwin_shoals_entry_rocks,
          spider_nest_entry_funnel_web, uniq_erica
Lair:3:   layout_cave_pods, lemuel_fruit_fields
Lair:4:   layout_gridlike, serial_bayou_shore_b, uniq_rupert
Lair:5:   grunt_lair_end_beastmaster, layout_regular_city,
          nicolae_slime_entry_slimehenge, nzn_ghost_randoct
Shoals:1: layout_shoals, nicolae_shop_gadgets
Shoals:2: layout_shoals, ebering_ghost_gozag
Shoals:3: cheibrodos_shoals_gigantism, layout_shoals, uniq_ilsuiw,
          uniq_polyphemus
Shoals:4: shoals_end_simple, layout_shoals, ebering_ghost_disaster_area
Spider:1: layout_spider_delve, drop_trap, guppyfry_spider_mini_2
Spider:2: layout_spider_delve, nicolae_spider_checkerboard
Spider:3: nicolae_spider_jumping_over_cracks [nicolae_spider_jumping_sub_moat,
          nicolae_spider_jumping_sub_shuffled,
          nicolae_spider_jumping_sub_no_exit,
          nicolae_spider_jumping_sub_shuffled]
Spider:4: grunt_spider_rune_circles, einodemon_crawler_minivault
Orc:1:    layout_caves, serial_shops, nicolae_shop_stone
Orc:2:    st_orc_town, layout_caves, gammafunk_ghost_cemetery
Elf:1:    minmay_elf_arrival_circle, layout_loops_corners, serial_shops, shop,
          shop, nicolae_shop_mannequins, regret_index_elf_centigrade,
          grunt_ministairs_15, uniq_louise, uniq_asterion, uniq_agnes,
          uniq_jorgrun
Elf:2:    nicolae_elf_blades_crystal_corner, layout_loops_corners
Elf:3:    minmay_elf_hall_furrowed, layout_rooms, serial_shops, shop_fountains,
          nicolae_shop_overgrown_old_shop, nicolae_shop_hallway_stairs,
          minivault_16, minivault_11, uniq_nikola
Vaults:1: nicolae_vaults_shelves_hall, nicolae_vaults_door_testing_chamber,
          nicolae_vaults_diamond_2, v_pattern_1, nicolae_vaults_asterisk,
          nicolae_vaults_shipping_containers_2, nicolae_vaults_tetromino_Z_1,
          vaults_room_mumra_shop_pool, layout_vaults_omnigrid, serial_shops,
          nicolae_shop_advertising_works [nicolae_subvault_shop_adworks]
Vaults:2: nicolae_vaults_network_square, nicolae_vaults_meeting,
          nicolae_vaults_shelves_hall, v_alt_pattern_5, v_pattern_4,
          nicolae_vaults_tetromino_L_2, nicolae_vaults_storage_room_doors,
          nicolae_vaults_mini_display_case, v_misc_22, layout_vaults_omnibox,
          serial_shops, shop, uniq_zenata
Vaults:3: minmay_crypt_entry_simple_sparse, v_misc_13, lightli_orcish_oven,
          hangedman_vaults_maws, vaults_room_glass_cross, v_misc_30,
          nicolae_vaults_little_squares_6, dpeg_vaults_monster_box,
          nicolae_vaults_trapezoid_lopsided_2, nicolae_vaults_little_squares_6,
          vaults_room_semicircle, nicolae_vaults_storage_closets_1,
          layout_vaults_ring, serial_shops, shop
Vaults:4: hellmonk_ghost_happy_afterlife, nicolae_vaults_variable_pillar_hall,
          nicolae_vaults_yaktaur_gun_rack, nicolae_vaults_asterisk,
          vaults_room_hallway, nicolae_vaults_closet_pinwheel_4,
          vaults_room_stairs_pillars, v_misc_29, hangedman_vaults_stagger,
          vaults_standard_mumra_x, layout_vaults_big_cross, uniq_saint_roka,
          uniq_margery, uniq_bai_suzhen, uniq_jory, uniq_boris
Vaults:5
Crypt:1:  cheibrodos_crypt_3hun_7po, layout_chaotic_city, grunt_ministairs_5
Crypt:2:  layout_gridlike, basic_altar, grunt_ministairs_13, minivault_4,
          nicolae_crypt_skullbonk, st_stairs_13
Crypt:3:  church_of_pain_bobbens, layout_chaotic_city,
          tomb_entry_forgotten_bobbens, serial_co_window_serial,
          co_window_corner_a, co_window_of_opportunity_a, co_window_paths_a,
          co_window_paths_b, co_window_paths_b, co_window_paths_b,
          co_window_corner_cb, co_window_broadway_a, co_window_corner_ca,
          co_window_paths_c, co_window_of_opportunity_b,
          co_window_unsneaky_path_a, co_window_corner_cb, uniq_xtahua
Depths:1: layout_cave_shapes, grunt_hell_entry_demonic_statue,
          regret_index_abyss_entry_earlier_magic, zin_treasury,
          serial_bayou_shore_b, minmay_shop_star
Depths:2: gammafunk_dig_for_victory, layout_cave_pools,
          grunt_pan_entry_in_and_out, hell_entry,
          minmay_misc_feat_secret_circle, minmay_misc_feat_alley, kb_rosetta,
          uniq_vv
Depths:3: dreamdust_under_siege, layout_basic, chequers_serial_rivers_small_3,
          abyss_entry_flame_altar, hangedman_geh_valley
Depths:4: evilmike_zot_entry_gauntlet, layout_long_grid, enter_ziggurat_a,
          minmay_misc_feat_cross, hell_entry
Zot:1:    layout_onion_interference, serial_nicolae_subway,
          nicolae_sub_station_metal, nicolae_sub_station_crystal,
          nicolae_sub_station_stone
Zot:2:    hellmonk_crystal_mountain, layout_cathedral_of_symmetry
Zot:3:    lemuel_firehouse, layout_cathedral_of_symmetry,
          st_small_dragon_hoard_2
Zot:4:    layout_onion, regret_index_zotdec_banners, bh_zot_ikea_curve,
          st_stairs_4
Zot:5:    layout_misc_corridors, grunt_megastairs_2

Skill      XL: |  1  2  3  4  5  6  7  8  9 10 11 12 13 14 15 16 17 18 19 20 21 22 23 24 25 26 27 |
---------------+----------------------------------------------------------------------------------+-----
Maces & Flails | 1 2 3 |  3.3
Fighting       | 2 3 4 5 6 8 9 10 12 13 14 15 16 17 19 20 21 22 23 24 25 | 25.7
Armour         | 1 2 3 4 6 7 9 10 12 13 14 15 16 17 19 20 21 22 23 24 25 | 25.7
Dodging        | 3 4 7 9 11 12 13 15 16 17 | 17.8
Polearms       | 3 6 8 10 11 13 14 16 17 18 19 20 | 20.0
Invocations    | 2 4 6 7 8 9 10 11 12 13 14 15 16 17 18 19 | 19.2
Evocations     | 2 5 7 9 10 11 13 14 15 17 19 20 21 22 23 | 23.0
Shields        | 1 5 8 10 12 13 15 | 15.5
Ranged Weapons | |  2.0
Spellcasting   | |  1.6
Hexes          | |  3.6
Fire Magic     | |  1.7

Action                     |  1- 3 |  4- 6 |  7- 9 | 10-12 | 13-15 | 16-18 | 19-21 | 22-24 | 25-27 || total
---------------------------+-------+-------+-------+-------+-------+-------+-------+-------+-------++-------
  Melee: Mace              |       |    81 |       |       |       |       |       |       |       ||    81
         Glaive            |       |     4 |   151 |   491 |   684 |   937 |   882 |       |       ||  3149
         Demon trident     |       |       |       |       |       |       |    34 |  1139 |  1653 ||  2826
   Fire: Sling             |   123 |   103 |       |     1 |       |       |       |       |       ||   227
  Throw: Dart              |       |       |       |     5 |       |       |       |       |       ||     5
 Invoke: Convert to Beogh  |       |       |     1 |       |       |       |       |       |       ||     1
         Smiting           |       |       |       |     2 |    23 |    25 |    57 |    27 |    18 ||   152
         Recruit Apostle   |       |       |       |     2 |     3 |     3 |     2 |     3 |       ||    13
         Recall Apostles   |       |       |       |     1 |    11 |    12 |    13 |    14 |    23 ||    74
         Dismiss Apostle   |       |       |       |       |     2 |     3 |     2 |     3 |       ||    10
         Blood for Blood   |       |       |       |       |     1 |     1 |       |     2 |     3 ||     7
Ability: Hop               |       |       |     1 |     4 |     6 |     1 |     5 |     3 |    10 ||    30
         Evoke Blink       |       |       |       |       |       |       |     1 |       |     1 ||     2
  Evoke: Wand              |       |       |       |     7 |     1 |     3 |     1 |     6 |     1 ||    19
         Sack of spiders   |       |       |       |       |     1 |       |     2 |     2 |     3 ||     8
         Phial of floods   |       |       |       |       |       |       |     1 |     1 |       ||     2
    Use: Potion            |       |     3 |     2 |     9 |     2 |     5 |     2 |     6 |    10 ||    39
         Scroll            |       |     5 |     8 |     6 |    11 |     2 |    12 |    10 |    10 ||    64
   Stab: Invisible         |       |     2 |       |       |       |       |       |       |       ||     2
         Sleeping          |       |       |       |     5 |       |       |       |       |       ||     5
         Distracted        |       |       |       |     4 |    14 |    15 |    20 |    22 |    43 ||   118
         Paralysed         |       |       |       |       |       |       |       |       |    23 ||    23
         Held in net/web   |       |       |       |       |       |       |       |       |     1 ||     1
 Armour: Ring mail         |    63 |   122 |     4 |       |       |       |       |       |       ||   189
         Leather armour    |       |       |   130 |   223 |       |       |       |       |       ||   353
         Skin              |       |       |    13 |     5 |       |       |       |       |       ||    18
         Troll leather arm |       |       |       |    99 |   163 |       |       |       |       ||   262
         Storm dragon scal |       |       |       |       |   207 |   832 |   675 |   559 |   155 ||  2428
         Pearl dragon scal |       |       |       |       |       |       |       |       |   440 ||   440
  Dodge: Dodged            |    43 |    90 |   125 |   359 |   329 |   559 |   536 |   505 |   587 ||  3133
         Repelled          |       |       |       |       |       |    15 |    65 |    60 |    93 ||   233
  Block: Other             |       |       |       |       |       |    96 |     2 |       |       ||    98
         Reflection        |       |       |       |       |       |     8 |       |       |       ||     8
         Kite shield       |       |       |       |       |       |       |     9 |   608 |   854 ||  1471

Table legend: (Time is in decaauts)
 A = Elapsed time spent in this place.
 B = Non-inter-level travel time spent in this place.
 C = Inter-level travel time spent in this place.
 D = Time resting spent in this place.
 E = Time spent auto-exploring this place.
 F = Levels seen in this place.
 G = Mean time per level.
                   A        B        C        D        E       F      G
               +--------+--------+--------+--------+--------+-----+--------+
         Total |  69861 |  64620 |   5241 |  12916 |  37432 |  55 | 1270.2 |
       Dungeon |  21188 |  18921 |   2267 |   3590 |  11469 |  15 | 1412.5 |
        Temple |    321 |    321 |      0 |    201 |     75 |   1 |  321.0 |
          Lair |   4956 |   4594 |    362 |    186 |   3390 |   5 |  991.2 |
        Shoals |   4546 |   4373 |    173 |    656 |   2744 |   4 | 1136.5 |
   Spider Nest |   4672 |   4464 |    208 |   1743 |   1683 |   4 | 1168.0 |
  Orcish Mines |   2057 |   1727 |    330 |    309 |    955 |   2 | 1028.5 |
   Elven Halls |   3574 |   3371 |    203 |    353 |   2212 |   3 | 1191.3 |
        Vaults |   8140 |   7585 |    555 |    893 |   5095 |   5 | 1628.0 |
         Crypt |   3735 |   3527 |    208 |     69 |   2580 |   3 | 1245.0 |
        Depths |   6197 |   5523 |    674 |   1587 |   2654 |   4 | 1549.2 |
           Zot |   9002 |   8746 |    256 |   2995 |   3990 |   5 | 1800.4 |
         Trove |    145 |    145 |      0 |      0 |     45 |   1 |  145.0 |
       Ossuary |    476 |    476 |      0 |    135 |    210 |   1 |  476.0 |
        Bailey |    456 |    456 |      0 |    197 |    117 |   1 |  456.0 |
      Gauntlet |    389 |    389 |      0 |      0 |    207 |   1 |  389.0 |
               +--------+--------+--------+--------+--------+-----+--------+

Top non-repeatable levels by time:
   Zot:5: 2380 daAuts
     D:4: 2160 daAuts
    D:10: 2149 daAuts
Depths:1: 2083 daAuts
     D:9: 1962 daAuts
     D:8: 1907 daAuts
 Crypt:3: 1891 daAuts
   Zot:1: 1863 daAuts
Depths:4: 1767 daAuts
Vaults:3: 1730 daAuts
    D:14: 1708 daAuts
   Zot:3: 1658 daAuts
Vaults:1: 1655 daAuts
Vaults:4: 1645 daAuts
Vaults:5: 1627 daAuts
